[Event "Team 45 45 League T24"]
[Site "Free Internet Chess Server"]
[Date "2004.10.13"]
[Round "6"]
[White "RussoTuristo"]
[Black "zcomcon"]
[Result "1-0"]
[WhiteElo "1817"]
[BlackElo "1703"]
[TimeControl "2700+45"]

1. e4 e5 2. Nf3 Nc6 3. d4 exd4 4. Nxd4 Bc5 5. c3 Qf6 6. Be3 Nge7 7. Bc4 d6 8. O-O O-O 9. Nxc6 Nxc6 10. Bxc5 dxc5 11. f4 Be6 12. Na3 Bxc4 13. Nxc4 Rfd8 14. Qe2 b6 15. g3 Qe6 16. e5 f6 17. f5 Qe8 18. e6 Rd5 19. Rad1 Rad8 20. Rxd5 Rxd5 21. Rd1 Rxd1+ 22. Qxd1 Kf8 23. Kf2 Qd8 24. Qf3 Ne7 25. Qh5 Kg8 26. Qf3 Kf8 27. Ke2 Qd5 28. Qxd5 Nxd5 29. Ne3 Ne7 30. Kd3 b5 31. Ke4 c6 32. c4 a6 33. b3 Ke8 34. cxb5 cxb5 35. Nd5 Nc6 36. Nc7+ Ke7 37. Nxa6 c4 38. bxc4 bxc4 39. a3 Ne5 40. Nb4 c3 41. a4 Nc4 42. Kd4 c2 43. Nxc2 Na5 44. Nb4 Kd6 45. g4 g5 46. h3 h6 47. Nd3 Nc6+ 48. Kc4 Ne7 49. Kb5 Kc7 50. a5 Kb7 51. Nc5+ Ka7 52. Nd7 Nd5 53. Kc5 Ne7 54. Nxf6 Ka6 55. Nd5   {Black resigns} 1-0

[Event "Team 45 45 League T24"]
[Site "Free Internet Chess Server"]
[Date "2004.10.14"]
[Round "6"]
[White "senorquinn"]
[Black "grabapawn"]
[Result "1-0"]
[WhiteElo "1500"]
[BlackElo "1530"]
[TimeControl "2700+45"]

1. d4 d5 2. c4 Nf6 3. cxd5 Nxd5 4. Nc3 e6 5. e4 Nb6 6. Nf3 N8d7 7. Be3 Bb4 8. Rc1 Nf6 9. Bd3 Bd7 10. Bb1 Ng4 11. Bf4 Nc8 12. Qb3 Bd6 13. e5 Be7 14. Qxb7 Nb6 15. Qe4 f6 16. h3 f5 17. Qe2 Nh6 18. Nh2 Nf7 19. g4 Ng5 20. Qe3 Nc4 21. Qg3 Bb4 22. gxf5 h6 23. h4 Ne4 24. Qxg7 Rf8 25. Bxh6 Nxb2 26. Qxf8+ Bxf8 27. Bxf8 Kxf8 28. Nxe4 Qxh4 29. Rxc7 Qd8 30. Rc1 exf5 31. Nf6 Be6 32. Nf3 Qa5+ 33. Kf1 Rd8 34. Ng5 Qd2 35. Rh8+ Ke7 36. Rc7+ Bd7 37. Nd5#   {Black checkmated} 1-0

[Event "Team 45 45 League T24"]
[Site "Free Internet Chess Server"]
[Date "2004.10.15"]
[Round "6"]
[White "JayH"]
[Black "gflan"]
[Result "1-0"]
[WhiteElo "1412"]
[BlackElo "1610"]
[TimeControl "2700+45"]

1. e4 c6 2. d4 d5 3. e5 Bf5 4. Nf3 e6 5. a3 c5 6. Nc3 Nc6 7. Bb5 a6 8. Bxc6+ bxc6 9. O-O Rb8 10. b3 Bg4 11. Qd3 Qb6 12. Be3 Bxf3 13. gxf3 cxd4 14. Bxd4 c5 15. Na4 Qc6 16. Qc3 c4 17. Qa5 cxb3 18. cxb3 Rxb3 19. Rfc1 Qb5 20. Qxb5+ axb5 21. Nb6 Ne7 22. Rc7 g6 23. Rac1 Kd8 24. Ra7 Nf5 25. Rc8#   {Black checkmated} 1-0

[Event "Team 45 45 League T24"]
[Site "Free Internet Chess Server"]
[Date "2004.10.14"]
[Round "6"]
[White "FusterCluck"]
[Black "BIRDSMAN"]
[Result "1/2-1/2"]
[WhiteElo "1611"]
[BlackElo "1663"]
[TimeControl "2700+45"]

1. d4 Nf6 2. Nf3 e6 3. Bg5 Be7 4. Nbd2 h6 5. Bh4 d5 6. c4 c6 7. e3 Nbd7 8. c5 O-O 9. Bd3 Re8 10. O-O Bf8 11. b4 a6 12. Ne5 Be7 13. f4 Qc7 14. Ndf3 Ne4 15. Bxe7 Rxe7 16. Nxd7 Bxd7 17. Qc2 f5 18. Ne5 Be8 19. Bxe4 dxe4 20. Nc4 Bf7 21. a4 Ree8 22. a5 Rad8 23. Nd6 Re7 24. Rad1 Red7 25. Qc4 Re7 26. Qe2 Kh8 27. g4 g6 28. Nc4 Rg8 29. Ne5 Ree8 30. h4 Qe7 31. g5 h5   {Game drawn by mutual agreement} 1/2-1/2

[Event "Team 45 45 League T24"]
[Site "Free Internet Chess Server"]
[Date "2004.10.17"]
[Round "6"]
[White "MattBinMi"]
[Black "xplan"]
[Result "1-0"]
[WhiteElo "1609"]
[BlackElo "1551"]
[TimeControl "2700+45"]

1. e4 e5 2. d4 exd4 3. c3 dxc3 4. Nxc3 Bb4 5. Qb3 Nc6 6. Bc4 Qe7 7. f3 Nd4 8. Bxf7+ Qxf7 9. Qxf7+ Kxf7 10. Rb1 Nf6 11. Be3 Nc2+ 12. Ke2 b6 13. Bf2 Re8 14. Kd3 Nd4 15. Bxd4 Ba6+ 16. Kc2 c5 17. Bxf6 gxf6 18. Nd5 Rac8 19. a3 Ba5 20. Kd1 b5 21. Ne2 b4 22. axb4 cxb4 23. Nef4 b3 24. Nh5 Bd3 25. Ra1 Bc2+ 26. Ke2 Bb6 27. Nhxf6 Re6 28. Nxd7 Bxe4 29. fxe4 Rxe4+ 30. Kf3 Re6 31. N5xb6 axb6 32. Ra7 Re7 33. Ne5+ Ke8 34. Rxe7+ Kxe7 35. Re1 Rf8+ 36. Ke3 Kd6 37. Nc4+ Kc5 38. Nd2 Re8+ 39. Kf2 Rxe1 40. Kxe1 Kb4 41. Ke2 Kc5 42. g4 Kd4 43. Nxb3+ Ke5 44. Kf3 h6 45. h4 Kd5 46. Ke3 Ke5 47. Nd4 Kd5 48. b3 Kc5 49. Ke4 b5 50. Nxb5 Kxb5 51. Kf5 Kb4 52. Kg6 Kxb3 53. Kxh6 Kc4 54. Kg5 Kd5 55. h5 Ke6 56. Kg6 Ke7 57. h6 Kf8 58. h7   {Black resigns} 1-0

[Event "Team 45 45 League T24"]
[Site "Free Internet Chess Server"]
[Date "2004.10.18"]
[Round "6"]
[White "chesstalker"]
[Black "Vinoblanca"]
[Result "0-1"]
[WhiteElo "1366"]
[BlackElo "1545"]
[TimeControl "2700+45"]

1. d4 d5 2. Bf4 e6 3. Nf3 Nf6 4. Nc3 Bd6 5. e3 Bxf4 6. exf4 Nbd7 7. Bb5 c6 8. Bd3 O-O 9. O-O a6 10. Re1 Qc7 11. Ne5 c5 12. Ne2 c4 13. Rc1 cxd3 14. cxd3 Qd8 15. Nf3 b6 16. Qc2 Bb7 17. Nc3 Rc8 18. Qd2 Ne8 19. Ng5 h6 20. Nf3 Nd6 21. a4 a5 22. Re2 Ba6 23. Rce1 Qf6 24. Nd1 Nf5 25. Ne5 Nxe5 26. fxe5 Qg6 27. Qf4 Bxd3 28. Rd2 Ba6 29. Nc3 Rc4 30. Red1 Rfc8 31. Rd3 Rb4 32. Rh3 Rcc4 33. Ne2 Kf8 34. b3 Rc2 35. Kf1 Rxe2 36. Kg1 Re4 37. Qc1 Rexd4 38. Rdd3 Rxd3 39. Rxd3 Nd4 40. Qc7 Kg8 41. Rd1 Qc2 42. Rc1 Ne2+ 43. Kh1 Qxc1+ 44. Qxc1 Nxc1   {White resigns} 0-1

[Event "Team 45 45 League T24"]
[Site "Free Internet Chess Server"]
[Date "2004.10.18"]
[Round "6"]
[White "sacKING"]
[Black "Pawns"]
[Result "1-0"]
[WhiteElo "1790"]
[BlackElo "1707"]
[TimeControl "2700+45"]

1. c4 Nf6 2. g3 d6 3. Bg2 g6 4. Nc3 Bg7 5. d3 O-O 6. Bg5 Nbd7 7. Qd2 Re8 8. Bh6 Bh8 9. h4 e5 10. e4 c6 11. Nge2 Ng4 12. h5 Nxh6 13. Qxh6 Bg7 14. Qd2 Nf6 15. hxg6 hxg6 16. O-O-O Be6 17. Bh3 Qd7 18. Bxe6 Qxe6 19. Rh4 Rad8 20. Rdh1 a6 21. f4 d5 22. fxe5 Qxe5 23. d4 Qe6 24. Nf4 Qd7 25. Qh2 Kf8 26. e5 Ne4 27. Ncxd5 cxd5 28. Nxd5 f5 29. Rh8+ Bxh8 30. Qxh8+ Kf7 31. Rh7+   {Black resigns} 1-0

[Event "Team 45 45 League T24"]
[Site "Free Internet Chess Server"]
[Date "2004.10.16"]
[Round "6"]
[White "Gazzer"]
[Black "geolas"]
[Result "1-0"]
[WhiteElo "1654"]
[BlackElo "1803"]
[TimeControl "2700+45"]

1. d4 f5 2. Nf3 Nf6 3. g3 e6 4. Bg2 Be7 5. O-O O-O 6. e3 d6 7. c4 Ne4 8. Nfd2 Nxd2 9. Nxd2 e5 10. Qb3 e4 11. f3 Bg5 12. fxe4 Qe7 13. Nf3 fxe4 14. Nxg5 Rxf1+ 15. Kxf1 Qxg5 16. Bxe4 Bh3+ 17. Bg2 Qf5+ 18. Kg1 Bxg2 19. Kxg2 Qe4+ 20. Kg1 Nc6 21. Bd2 Rf8 22. Rc1 Qf3 23. Qd1 Qf2+ 24. Kh1 Qf5 25. Kg1 Nd8 26. Qf1 Qe4 27. Qg2 Qd3 28. b3 c6 29. d5 c5 30. Re1 Rf6 31. e4 Rf3 32. Qe2 Nf7 33. Qxd3 Rxd3 34. Bf4 g5 35. Be3 Ne5 36. Kg2 g4 37. Bf4 Nf3 38. Rf1 Rc3 39. Bxd6 Rc2+ 40. Rf2 Rc1 41. Rf1 Rc2+ 42. Rf2 Rc1 43. Rxf3 gxf3+ 44. Kxf3 Rc2 45. Bxc5 Rxa2 46. e5 Rb2 47. b4 b6 48. Bd6 Rc2 49. c5 Rd2 50. Ke4 Kf7 51. e6+ Ke8 52. Bf4 Rb2 53. d6 Rxb4+ 54. Kd5 h6 55. d7+ Kd8 56. Kc6 Rd4 57. Bd6 Re4 58. Bc7+ Ke7 59. d8=Q+ Kxe6   {Black resigns} 1-0

[Event "Team 45 45 League T24"]
[Site "Free Internet Chess Server"]
[Date "2004.10.13"]
[Round "6"]
[White "Lofoten"]
[Black "twinders"]
[Result "1-0"]
[WhiteElo "1760"]
[BlackElo "1638"]
[TimeControl "2700+45"]

1. e4 c5 2. Nf3 d6 3. d4 cxd4 4. Nxd4 Nf6 5. Nc3 a6 6. Be3 e6 7. f3 Be7 8. Qd2 Qc7 9. O-O-O Nc6 10. g4 b5 11. g5 Nd7 12. f4 Nc5 13. f5 b4 14. fxe6 fxe6 15. Nb1 Nxe4 16. Qg2 d5 17. Bd3 Nxd4 18. Bxe4 dxe4 19. Bxd4 Qf4+ 20. Nd2 Bb7 21. Rdf1 Qxg5 22. Qe2 Bf6 23. Rhg1 Qh6 24. Be3 g5 25. Qc4 Bd5 26. Qxb4 Kd7 27. Nxe4 Bxe4 28. Qxe4 Rhc8 29. Rg2 Rab8 30. c3 Rb5 31. Rd1+ Ke7 32. Rgd2 Rc7 33. Qa8 Kf7 34. Rd7+ Rxd7 35. Rxd7+ Kg6 36. Qe4+ Rf5 37. Rd6 Qxh2 38. Rxe6 Qh3 39. Bd4 Kh5 40. Qe2+ Kg6 41. Qxa6 Rf1+ 42. Kc2 Qf5+ 43. Kb3 Qd5+ 44. Ka3 Qf5 45. Bxf6 Qc5+ 46. b4 Qf5 47. Bd4+ Kh5 48. Rf6 Rf4 49. Rxf5 Rxf5 50. b5 g4 51. b6   {Black resigns} 1-0

[Event "Team 45 45 League T24"]
[Site "Free Internet Chess Server"]
[Date "2004.10.13"]
[Round "6"]
[White "KlassAct"]
[Black "sostoned"]
[Result "0-1"]
[WhiteElo "1454"]
[BlackElo "1673"]
[TimeControl "2700+45"]

1. e4 c6 2. d4 d5 3. exd5 cxd5 4. Nf3 Bg4 5. h3 Bh5 6. Be2 Nc6 7. Nc3 e6 8. a3 a6 9. O-O Bd6 10. Re1 Nge7 11. Ng5 Bg6 12. Bg4 O-O 13. h4 h6 14. Nh3 Nf5 15. g3 Nfxd4 16. Nf4 Bxc2 17. Qd2 Bf5 18. Bxf5 Nf3+   {White resigns} 0-1

[Event "Team 45 45 League T24"]
[Site "Free Internet Chess Server"]
[Date "2004.10.17"]
[Round "6"]
[White "Huevon"]
[Black "Pieris"]
[Result "1-0"]
[WhiteElo "1884"]
[BlackElo "1693"]
[TimeControl "2700+45"]

1. f4 e5 2. fxe5 d6 3. exd6 Bxd6 4. Nf3 g5 5. g3 g4 6. Nh4 Nc6 7. c3 Be7 8. Ng2 Bf5 9. d3 Nf6 10. e4 Bxe4 11. Be3 Bf3 12. Qc2 Ne5 13. d4 Be4 14. Qa4+ Bc6 15. Bb5 Nf3+ 16. Kf1 Qd5 17. Bxc6+ Qxc6 18. Qxc6+ bxc6 19. Nd2 Rb8 20. Rb1 Nxd2+ 21. Bxd2 Ne4 22. Ke2 f5 23. Rhf1 Rf8 24. Bh6 Rf7 25. Ne3 Nd6 26. Kd3 Bf8 27. Bxf8 Rxf8 28. b3 Ke7 29. Rbe1 Kd7 30. Rf2 Rf7 31. Ref1 Rbf8 32. c4 Ke6 33. Re2 Ne4 34. Nxg4 Kd6 35. c5+ Kd5 36. Nh6 Rf6 37. Nxf5 Nxc5+ 38. dxc5 Rxf5 39. Rxf5+ Rxf5 40. Re7 Rf3+ 41. Ke2 Rc3 42. Kd2 Rf3 43. Rxh7 Kxc5 44. Ke2 Rc3 45. Rd7 Kb6 46. Rd3 Rc2+ 47. Rd2 Rc5 48. h4 Re5+ 49. Kf3 Re8 50. g4 Rf8+ 51. Kg3 Ka5 52. Rf2 Rg8 53. g5 Kb4 54. Kg4 Rd8 55. g6 Ka3 56. Kg5 Rd5+ 57. Kh6 c5 58. g7   {Black resigns} 1-0

[Event "Team 45 45 League T24"]
[Site "Free Internet Chess Server"]
[Date "2004.10.17"]
[Round "6"]
[White "sidiAhmed"]
[Black "Esekla"]
[Result "0-1"]
[WhiteElo "1601"]
[BlackElo "1617"]
[TimeControl "2700+45"]

1. d4 e5 2. c4 exd4 3. Qxd4 Nc6 4. Qd1 Qf6 5. Nf3 Bc5 6. Nc3 Nge7 7. e4 Ne5 8. Bg5 Nxf3+ 9. Qxf3 Qxg5 10. Nd5 Nxd5 11. cxd5 Bb4+   {White resigns} 0-1

[Event "Team 45 45 League T24"]
[Site "Free Internet Chess Server"]
[Date "2004.10.16"]
[Round "6"]
[White "plume"]
[Black "sonareclipse"]
[Result "0-1"]
[WhiteElo "2163"]
[BlackElo "1972"]
[TimeControl "2700+45"]

1. Nf3 Nf6 2. g3 d5 3. c4 e6 4. Bg2 Be7 5. O-O O-O 6. b3 c5 7. Bb2 Nc6 8. e3 b6 9. Nc3 Bb7 10. cxd5 Nxd5 11. Nxd5 Qxd5 12. d4 Qd7 13. dxc5 Qxd1 14. Rfxd1 Bxc5 15. Ne5 Na5 16. Nd7 Rfc8 17. Nxc5 Bxg2 18. Kxg2 Rxc5 19. Rac1 Rac8 20. Rxc5 bxc5 21. Rc1 c4 22. b4 Nb7 23. Kf3 f6 24. Rd1 c3 25. Bc1 Rc7 26. Ke2 Kf7 27. Rd8 Nxd8   {White resigns} 0-1

[Event "Team 45 45 League T24"]
[Site "Free Internet Chess Server"]
[Date "2004.10.18"]
[Round "6"]
[White "xivarmy"]
[Black "logis"]
[Result "1-0"]
[WhiteElo "1953"]
[BlackElo "1901"]
[TimeControl "2700+45"]

1. e4 e6 2. d4 d5 3. Nc3 c6 4. Bd3 Nd7 5. Nf3 Bb4 6. O-O dxe4 7. Nxe4 Ngf6 8. c3 Be7 9. Bf4 O-O 10. Re1 Nxe4 11. Bxe4 g6 12. Bh6 Re8 13. Qd2 Nf6 14. Bc2 Ng4 15. Bf4 b6 16. h3 Nf6 17. Ne5 Bb7 18. Bh6 c5 19. Bb3 Bd6 20. Qe2 cxd4 21. Nxf7 Qd7 22. Ng5 Nd5 23. Ne4 dxc3 24. Bxd5 Bxd5 25. Nf6+   {Black resigns} 1-0

[Event "Team 45 45 League T24"]
[Site "Free Internet Chess Server"]
[Date "2004.10.17"]
[Round "6"]
[White "Rinoa"]
[Black "maeck"]
[Result "1-0"]
[WhiteElo "1890"]
[BlackElo "1895"]
[TimeControl "2700+45"]

1. d4 Nf6 2. Nf3 g6 3. c4 c5 4. Nc3 cxd4 5. Nxd4 Bg7 6. e4 d6 7. Be3 Nc6 8. Be2 O-O 9. O-O a6 10. Qb3 Qc7 11. Rfd1 Nxd4 12. Bxd4 Be6 13. Nd5 Bxd5 14. exd5 Nd7 15. Qe3 Rac8 16. b3 Bxd4 17. Rxd4 Nf6 18. Re1 Qa5 19. Bf3 Qxa2 20. Qc3 Qa3 21. Rxe7 Rfe8 22. Rxe8+ Rxe8 23. Rd1 Nd7 24. Ra1 Qc5 25. b4 Qb6 26. Kf1 Qc7 27. Rc1 Ne5 28. Be2 Qe7 29. c5 Qh4 30. Kg1 Nc6 31. dxc6 Rxe2 32. g3 Qe4 33. cxb7 Qxb7 34. cxd6 Qa7 35. Qc5 Qd7 36. Qc8+   {Black resigns} 1-0

[Event "Team 45 45 League T24"]
[Site "Free Internet Chess Server"]
[Date "2004.10.17"]
[Round "6"]
[White "inkaotibus"]
[Black "Tokyo"]
[Result "0-1"]
[WhiteElo "2165"]
[BlackElo "2181"]
[TimeControl "2700+45"]

1. e4 c6 2. d4 d5 3. Nc3 dxe4 4. Nxe4 Bf5 5. Ng3 Bg6 6. Nf3 Nd7 7. Bd3 Bxd3 8. Qxd3 Qc7 9. O-O e6 10. Re1 Ngf6 11. Ng5 O-O-O 12. Nxf7 Nc5 13. Qc4 Qxf7 14. dxc5 Nd5 15. Bg5 Rd7 16. Rad1 h6 17. Bc1 Be7 18. Rd3 Rhd8 19. b4 Nc7 20. Ne4 Rxd3 21. cxd3 Bf8 22. a4 Qd7 23. Rd1 Qd5 24. Qc2 e5 25. Be3 a6 26. Nc3 Qd7 27. d4 Qe6 28. Ne2 Be7 29. dxe5 Rxd1+ 30. Qxd1 Qxe5 31. Bd4 Qd5 32. Qc2 Qf7 33. Qc3 Ne6 34. Qb3 Bf6 35. b5 axb5 36. axb5 Nd8 37. Qa4 cxb5 38. Qxb5 Qd7 39. Qc4 Nc6 40. Qg8+ Kc7 41. Qb3 Nxd4 42. Qb6+ Kc8 43. Nxd4 Qxd4 44. Qe6+ Qd7 45. Qg8+ Kc7 46. Qb3 Qd2 47. Qb6+ Kb8 48. g3 Qd1+ 49. Kg2 Qd5+ 50. Kh3 h5 51. Qb4 g5   {White resigns} 0-1

[Event "Team 45 45 League T24"]
[Site "Free Internet Chess Server"]
[Date "2004.10.17"]
[Round "6"]
[White "Baggins"]
[Black "thomchad"]
[Result "0-1"]
[WhiteElo "2099"]
[BlackElo "1949"]
[TimeControl "2700+45"]

1. e4 c6 2. d4 d5 3. Nd2 dxe4 4. Nxe4 Bf5 5. Ng3 Bg6 6. h4 h5 7. c3 Nf6 8. Nf3 Nbd7 9. Bf4 Nd5 10. Qd2 f6 11. Bc4 Nxf4 12. Qxf4 Nb6 13. Bb3 Qd7 14. O-O-O Nd5 15. Qd2 e6 16. Bc2 Bf7 17. Rhe1 Bd6 18. Kb1 Bf4 19. Qe2 Bxg3 20. fxg3 Ne7 21. Nd2 O-O 22. Ne4 b6 23. g4 hxg4 24. Qxg4 Nd5 25. Qf3 Bg6 26. g4 Rad8 27. h5 Bh7 28. Rh1 Qc7 29. Rdf1 c5 30. dxc5 bxc5 31. h6 g5 32. Rf2 Kh8 33. Rhf1 Nf4 34. Kc1 c4 35. Qe3 e5 36. Rd2 Rxd2 37. Qxd2 Rb8 38. Rd1 Qb7 39. Qd6 Bxe4 40. Qxf6+ Kg8 41. Qxg5+ Kf7 42. Qg7+ Ke6 43. Qxb7 Bxb7 44. Bf5+ Kf6 45. h7 Bd5 46. Rf1 Kg7 47. Kc2 a5 48. Re1 e4 49. Bxe4 Re8 50. h8=Q+ Kxh8 51. Rh1+ Kg7 52. Bxd5 Nxd5 53. Rh5 Rd8 54. b3 Ne3+ 55. Kb2 a4 56. bxa4 Kf6 57. Rc5 Ke6 58. g5 Rd2+ 59. Ka3 Nc2+ 60. Kb2 Rg2 61. g6 Ne3+ 62. Ka3 Kd6 63. Rc8 Nc2+ 64. Kb2 Nb4+ 65. Ka3 Nc6 66. Rh8 Rxg6 67. Rh4 Kd5 68. Rh5+ Ke4 69. Rh3 Rg2 70. Rh4+ Kd5 71. Rh5+ Ne5 72. a5 Rc2 73. a6 Rxc3+ 74. Kb4 Rc2 75. a4 Rg2 76. a7 Rg8 77. Kb5 c3 78. Rh2 Nd3 79. Kb6 Re8 80. a5 Kc4 81. a6 Kb3 82. Re2 Rh8 83. Rh2 Rd8 84. Kc7 Re8 85. Rh3 Nb4 86. Kb6 Kb2 87. Rh4 Nd5+ 88. Kc5 c2 89. Rh2 Ra8 90. Kxd5 Rxa7 91. Kc6 Rxa6+ 92. Kb5 Ra1   {White resigns} 0-1

[Event "Team 45 45 League T24"]
[Site "Free Internet Chess Server"]
[Date "2004.10.17"]
[Round "6"]
[White "JDFitzpat"]
[Black "MarkovUC"]
[Result "1-0"]
[WhiteElo "1915"]
[BlackElo "1790"]
[TimeControl "2700+45"]

1. c4 Nf6 2. Nc3 g6 3. g3 Bg7 4. Bg2 O-O 5. e4 d6 6. Nge2 e5 7. O-O c6 8. h3 a5 9. d3 Na6 10. Kh2 Nc5 11. f4 exf4 12. gxf4 Re8 13. Be3 Na6 14. Qd2 Nh5 15. Rae1 f5 16. Ng3 Nxg3 17. Kxg3 Nc5 18. Bf2 Be6 19. b3 g5 20. fxg5 f4+ 21. Kh2 Qxg5 22. Ne2 Be5 23. Kh1 Qh6 24. Ng1 Nd7 25. d4 Bg7 26. d5 Bf7 27. Nf3 Nf6 28. e5 Ng4 29. e6 Nxf2+ 30. Qxf2 Bg6 31. Qh4 cxd5 32. Qxh6 Bxh6 33. cxd5 Re7 34. Rc1 Be4 35. Rcd1 Rc8 36. Nh4 Bxg2+ 37. Kxg2 Rg7+ 38. Kh1 Rc3 39. Rf3 Rxf3 40. Nxf3 Rg3 41. Rg1 Kf8 42. Rxg3 fxg3 43. Kg2 Bf4 44. Nh4 Be5 45. Nf5 h5 46. Nxg3 h4 47. Ne4 Ke8 48. Kf3 Ke7 49. Kg4   {Black resigns} 1-0

[Event "Team 45 45 League T24"]
[Site "Free Internet Chess Server"]
[Date "2004.10.17"]
[Round "6"]
[White "Haotu"]
[Black "Relu"]
[Result "1-0"]
[WhiteElo "1738"]
[BlackElo "1832"]
[TimeControl "2700+45"]

1. e4 c5 2. d4 cxd4 3. c3 dxc3 4. Nxc3 Nc6 5. Bc4 e6 6. Nf3 a6 7. Bf4 Bc5 8. Rc1 Nge7 9. Bd6 Bxd6 10. Qxd6 O-O 11. O-O Ng6 12. Rfd1 Qe7 13. Qc7 Qb4 14. Bb3 Qa5 15. Qd6 Qb4 16. Qc7 Qa5 17. Qg3 Qh5 18. Na4 Rd8 19. Nb6 Rb8 20. Rxc6 bxc6 21. Qxb8 e5 22. Nxc8   {Black resigns} 1-0

[Event "Team 45 45 League T24"]
[Site "Free Internet Chess Server"]
[Date "2004.10.16"]
[Round "6"]
[White "ButiOxa"]
[Black "Chessface"]
[Result "1-0"]
[WhiteElo "1806"]
[BlackElo "1676"]
[TimeControl "2700+45"]

1. e4 c5 2. Nc3 Nc6 3. g3 g6 4. Bg2 Bg7 5. f4 d6 6. Nf3 e5 7. d3 Nge7 8. fxe5 dxe5 9. Be3 Nd4 10. Qd2 Bg4 11. O-O O-O 12. h3 Nxf3+ 13. Bxf3 Bxh3 14. Rf2 Rc8 15. Rh2 Qd7 16. Bh6 Nc6 17. Bxg7 Nd4 18. Bg2 Kxg7 19. Rf1 Nxc2 20. Rxh3 Qd4+ 21. Kh1 Ne3 22. Ne2 Nxf1 23. Qh6+ Kf6 24. Nxd4 Nxg3+ 25. Rxg3 cxd4 26. Qg5+ Kg7 27. Qxe5+ Kg8 28. Qxd4 Rfd8 29. Qf6 Rc1+ 30. Kh2 Rdc8 31. e5 R1c6 32. Bxc6 Rxc6 33. Qe7 Rc2+ 34. Kh3 Rxb2 35. Rf3 Kg7 36. Rxf7+ Kh6 37. Rxh7#   {Black checkmated} 1-0

[Event "Team 45 45 League T24"]
[Site "Free Internet Chess Server"]
[Date "2004.10.15"]
[Round "6"]
[White "Woodchuck"]
[Black "BlkSabb"]
[Result "1/2-1/2"]
[WhiteElo "1625"]
[BlackElo "1669"]
[TimeControl "2700+45"]

1. d4 d5 2. c4 c6 3. Nf3 Nf6 4. Nc3 e6 5. Bg5 Nbd7 6. e4 dxe4 7. Nxe4 Bb4+ 8. Nfd2 Bxd2+ 9. Qxd2 Qc7 10. Bf4 e5 11. Nxf6+ Nxf6 12. Bxe5 Qe7 13. Be2 O-O 14. O-O c5 15. Bxf6 Qxf6 16. d5 Rd8 17. b4 cxb4 18. Qxb4 b6 19. a4 Bf5 20. a5 bxa5 21. Rxa5 Re8 22. Re1 Rab8 23. Bf3 Rxe1+ 24. Qxe1 Rb1 25. Bd1 h6 26. d6 Qxd6 27. Rd5 Qe6   {Game drawn by mutual agreement} 1/2-1/2

[Event "Team 45 45 League T24"]
[Site "Free Internet Chess Server"]
[Date "2004.10.19"]
[Round "6"]
[White "ahorse"]
[Black "SamuraiGoroh"]
[Result "1-0"]
[WhiteElo "1535"]
[BlackElo "1417"]
[TimeControl "2700+45"]

1. e4 e5 2. Bc4 d6 3. Nf3 Bg4 4. d4 exd4 5. c3 Qe7 6. O-O dxc3 7. Nxc3 Nd7 8. Nd5 Qd8 9. Qb3 Nc5 10. Qe3 c6 11. Nc3 Qd7 12. Ng5 Nh6 13. f3 Be6 14. Bxe6 Nxe6 15. Rd1 Nxg5 16. Qxg5 Be7 17. Qxg7 Kd8 18. Qxh8+ Qe8 19. Qxe8+ Kxe8 20. Bxh6 b5 21. Rac1 a5 22. Kf2 f6 23. Ne2 c5 24. f4 Kd7 25. e5 fxe5 26. fxe5 Rf8+ 27. Kg3 b4 28. exd6 Bxd6+ 29. Rxd6+ Kxd6 30. Bxf8+ Kc6 31. Rxc5+ Kb6 32. Kf4 a4 33. Ke5 h5 34. Kd5 h4 35. Rc4 b3 36. a3 Ka6 37. Rb4 Ka5 38. Kc6 Ka6 39. Rxa4#   {Black checkmated} 1-0

[Event "Team 45 45 League T24"]
[Site "Free Internet Chess Server"]
[Date "2004.10.18"]
[Round "6"]
[White "tjraczko"]
[Black "twinders"]
[Result "1-0"]
[WhiteElo "1595"]
[BlackElo "1630"]
[TimeControl "2700+45"]

1. e4 c5 2. Nf3 d6 3. d4 cxd4 4. Nxd4 Nf6 5. Nc3 a6 6. Bg5 Qb6 7. Qd2 Qxb2 8. Nb3 Qa3 9. Bd3 Nbd7 10. O-O Ne5 11. Bxf6 gxf6 12. Be2 Be6 13. Nd5 Bxd5 14. Qxd5 Nc6 15. Rfd1 Qb4 16. c4 Rd8 17. Qd2 Qxd2 18. Nxd2 Bg7 19. Rab1 Rb8 20. Nf3 a5 21. Nh4 Rg8 22. Nf5 Bh8 23. f4 Nb4 24. a3 Na6 25. Bf3 Nc5 26. Ne3 Kd7 27. Nd5 e6 28. Nb6+ Kc7 29. Rb5 f5 30. exf5 exf5 31. Nd5+ Kd7 32. Rxa5 Ne4 33. Bxe4 fxe4 34. Ne3 Ra8 35. Rad5 Ra6 36. Nf5 Rg6 37. c5 h5 38. Nxd6 Rxa3 39. Nxf7+ Kc6 40. Nxh8 Rg4 41. Nf7 Rxf4 42. Ne5+ Kc7 43. Rd7+ Kb8 44. Rb1 e3 45. Rbxb7+ Ka8 46. Rb1 Rf8 47. c6 e2 48. Nf3 Rc8 49. c7 Ra7 50. Rc1 Ra2 51. Rd8 Kb7 52. Rd7 Rb2 53. Kf2 Ra2 54. Nd4 e1=Q+ 55. Kxe1 Rxg2 56. Nb5 Rg1+ 57. Kd2 Rxc1 58. Kxc1 Rg8 59. Nd6+ Kb6 60. c8=Q Rg1+ 61. Kd2   {Black resigns} 1-0

[Event "Team 45 45 League T24"]
[Site "Free Internet Chess Server"]
[Date "2004.10.16"]
[Round "6"]
[White "rgadoury"]
[Black "mrmahoon"]
[Result "0-1"]
[WhiteElo "1439"]
[BlackElo "1636"]
[TimeControl "2700+45"]

1. d4 Nf6 2. Nc3 d5 3. g3 e6 4. a3 c5 5. b3 cxd4 6. Qxd4 Nc6 7. Qd2 Be7 8. e3 O-O 9. Bb2 a6 10. O-O-O b5 11. Bg2 b4 12. axb4 Bxb4 13. Qd3 Qa5 14. f4 Rd8 15. Nge2 Ba3 16. Bxa3 Qxa3+ 17. Kd2 Ne4+ 18. Nxe4 dxe4 19. Qxd8+ Nxd8 20. Bxe4 Qb4+ 21. Kc1 Bb7 22. Bxb7 Nxb7 23. Kb2 Qc5 24. Rd3 Rd8 25. Rxd8+ Nxd8 26. Rd1 Nc6 27. Rd3 g6 28. Nd4 Nxd4 29. Rxd4 g5 30. Rc4 Qxe3 31. fxg5 Qxg5 32. Ra4 a5 33. Rf4 Qh5 34. h4 e5 35. Rc4 Qf3 36. Rc3 Qd5 37. Rd3 Qb5 38. Rd8+ Kg7 39. Ra8 e4 40. c4 Qe5+ 41. Ka3 e3 42. Rd8 Qe7+   {White resigns} 0-1

[Event "Team 45 45 League T24"]
[Site "Free Internet Chess Server"]
[Date "2004.10.17"]
[Round "6"]
[White "wook"]
[Black "suequntf"]
[Result "0-1"]
[WhiteElo "1570"]
[BlackElo "1455"]
[TimeControl "2700+45"]

1. e4 e6 2. d4 Bb4+ 3. c3 Ba5 4. e5 d5 5. a4 c6 6. Nf3 h6 7. Bd3 Ne7 8. O-O Nd7 9. Bd2 c5 10. dxc5 a6 11. b4 Bc7 12. Re1 b6 13. cxb6 Nxb6 14. a5 Nc4 15. Bxc4 dxc4 16. Bf4 Qxd1 17. Rxd1 O-O 18. Nbd2 Nd5 19. Be3 Nxc3 20. Re1 Bb7 21. Nxc4 Bxf3 22. gxf3 Nd5 23. Bc5 Rfd8 24. Rad1 Nf4 25. Be7 Rxd1 26. Rxd1 Ng6 27. Bd6 Bd8 28. Nb6 Ra7 29. Bc5 Bg5 30. Rd7 Rxd7 31. Nxd7 Be7 32. Bxe7 Nxe7 33. Nc5 Nc6 34. Nxa6 Kf8 35. b5 Nxa5 36. b6 Ke7 37. Nc5 Kd8 38. Nb7+ Nxb7 39. Kg2 Kd7 40. Kg3 Kc6 41. f4 Kxb6 42. Kg4 Kc5 43. f5 Kd5 44. f4 Nc5 45. h4 Ke4 46. f6 g6 47. h5 gxh5+ 48. Kxh5 Kf5 49. Kxh6 Nb7 50. Kg7 Nd8 51. Kf8 Kxf4 52. Ke7 Kxe5   {White resigns} 0-1

[Event "Team 45 45 League T24"]
[Site "Free Internet Chess Server"]
[Date "2004.10.16"]
[Round "6"]
[White "Triplea"]
[Black "couv"]
[Result "0-1"]
[WhiteElo "1257"]
[BlackElo "1482"]
[TimeControl "2700+45"]

1. e4 e6 2. Nf3 d5 3. exd5 exd5 4. d4 Bd6 5. Bd3 Bg4 6. Qe2+ Qe7 7. Nc3 Bxf3 8. gxf3 Qxe2+ 9. Bxe2 c6 10. Be3 Ne7 11. O-O-O Nd7 12. f4 Nf5 13. Bg4 Nh6 14. Bxd7+ Kxd7 15. Rhg1 Nf5 16. Rg4 g6 17. h4 h5 18. Rg5 Be7 19. Rg3 Nxg3   {White resigns} 0-1

[Event "Team 45 45 League T24"]
[Site "Free Internet Chess Server"]
[Date "2004.10.15"]
[Round "6"]
[White "Phendrana"]
[Black "KlassAct"]
[Result "0-1"]
[WhiteElo "1391"]
[BlackElo "1462"]
[TimeControl "2700+45"]

1. d4 g6 2. c4 Bg7 3. Nf3 Nf6 4. Nc3 O-O 5. e4 d6 6. Bd3 Nbd7 7. d5 Nc5 8. O-O Re8 9. Ne1 e6 10. f4 exd5 11. cxd5 Nfxe4 12. b4 Bd4+ 13. Kh1 Nxd3 14. Qxd3 Nf2+ 15. Rxf2 Bxf2 16. Bd2 Bf5 17. Qf3 Bd4 18. Nd3 Qf6 19. Rc1 Bxd3 20. Qxd3 Re7 21. Ne4 Qg7 22. g4 Rae8 23. Re1 f5 24. gxf5 gxf5 25. Ng5 Rxe1+ 26. Bxe1 Rxe1+ 27. Kg2   {White resigns} 0-1